 Dungeon Crawl Stone Soup version 0.20.1-1-g8b1a95d (console) character file.

336 hilaritas the Chopper (level 6, -5/84 HPs)
             Began as a Deep Dwarf Berserker on Nov 5, 2017.
             Was a Believer of Trog.
             Slain by a troll (7 damage)
             ... on level 6 of the Dungeon.
             The game lasted 00:08:02 (2291 turns).

hilaritas the Chopper (Deep Dwarf Berserker)        Turns: 2291, Time: 00:08:03

Health: -5/84      AC:  5    Str: 28    XL:     6   Next: 28%
Magic:  6/6        EV: 11    Int:  7    God:    Trog [**....]
Gold:   80         SH:  0    Dex: 12    Spells: 5/5 levels left

rFire    . . .     SeeInvis .   a - +0 hand axe
rCold    . . .     Gourm    .   (no shield)
rNeg     . . .     Faith    .   j - +0 ring mail
rPois    .         Spirit   .   (no helmet)
rElec    .         Reflect  .   (no cloak)
rCorr    .         Harm     .   (no gloves)
MR       ++...                  (no boots)
Stlth    ..........             (no amulet)
Regen    1.0/turn               (no ring)
MPRegen  0.1/turn               (no ring)

@: berserking, non-regenerating, very quick
A: damage resistance, heal wounds, sense surroundings 1, no regeneration
a: Heal Wounds, Berserk, Trog's Hand, Burn Spellbooks, Renounce Religion


You were on level 6 of the Dungeon.
You worshipped Trog.
Trog was pleased with you.
You were very hungry.

You visited 1 branch of the dungeon, and saw 4 of its levels.

You collected 80 gold pieces.

Inventory:

Hand Weapons
 a - a +0 hand axe (weapon)
 e - a +0 club
Missiles
 o - 7 tomahawks (quivered)
Armour
 j - a +0 ring mail (worn)
Scrolls
 b - 2 scrolls of teleportation {unknown}
 g - a scroll of magic mapping {unknown}
 h - 2 scrolls of remove curse {unknown}
 l - a scroll of fog {unknown}
 m - a scroll of recharging {unknown}
 n - a scroll of enchant armour {unknown}
 r - a scroll of identify {unknown}
Potions
 d - a potion of ambrosia {unknown}
 k - a potion of degeneration {unknown}
 q - a potion of curing {unknown}
Comestibles
 c - 2 bread rations
 f - a meat ration
 i - a fruit


   Skills:
 + Level 3.6 Fighting
 * Level 7.2 Axes
 - Level 2.1 Armour
 - Level 2.1 Dodging


You had 5 spell levels left.
You didn't know any spells.

Dungeon Overview and Level Annotations

Branches:
Dungeon (3/15)

Altars:
Dithmenos
Makhleb
Uskayaw
Xom


Innate Abilities, Weirdness & Mutations

You are resistant to damage.
You can heal yourself by infusing magical energy.
You passively map a small area around you.
You do not regenerate.


Message History

Throwing (i - inventory):
o - 8 tomahawks (quivered)
Press: ? - help, Shift-Dir - straight line, f - troll
Aim: a troll You throw a tomahawk.
The tomahawk closely misses the troll.
The troll bites you! The troll claws you!
* * * LOW HITPOINT WARNING * * *
The troll closely misses you.
Unknown command.
Your skin crawls.
You feel resistant to hostile enchantments.
You feel somewhat more hungry. The troll bites you!
* * * LOW HITPOINT WARNING * * *
The troll claws you!
* * * LOW HITPOINT WARNING * * *
The troll misses you.
A red film seems to cover your vision as you go berserk!
You feel yourself moving faster!
You feel mighty!
You are feeling very hungry.
The troll bites you but does no damage. The troll claws you!
You die...

* * , .# * , * **.#
### * *.# #.. , *.#
#.# * * ##.########.#
, * * #(........#.##
## *
#T....#*#.#.#*..#
#@###.# #.#.#*#.##
#.#.#.# #.#.###.#. ,
, ##.....###.#.#.....
,+................##.
####....#.#####..##.
, ##.#...# #..##. ,,
#.##..# #.....
#.....# ####.#
####.## #.# #.# #.# ,
, #. #.#


You could see a troll.

Vanquished Creatures
  A phantom (D:3)
  An ogre (D:3)
  The ghost of urutzu the Sneak, an amateur SpEn (D:3)
  A jelly (D:3)
  An ooze (D:1)
  3 dart slugs (D:1)
  6 leopard geckos
  3 orcs (D:3)
  6 bats
  3 giant cockroaches
  5 hobgoblins
  4 jackals (D:1)
  3 frilled lizards
  8 goblins
  7 kobolds
  7 rats
60 creatures vanquished.

Notes
Turn   | Place    | Note
-------+----------+-------------------------------------------
     0 | D:1      | hilaritas the Deep Dwarf Berserker began the quest for the Orb.
     0 | D:1      | Reached XP level 1. HP: 20/20 MP: 1/1
   285 | D:1      | Reached XP level 2. HP: 22/27 MP: 2/2
   307 | D:1      | Reached skill level 4 in Axes
   439 | D:1      | Reached XP level 3. HP: 19/34 MP: 3/3
   441 | D:1      | Reached ** piety under Trog
  1346 | D:2      | Found a hide-covered altar of Uskayaw.
  1357 | D:2      | Found a burning altar of Makhleb.
  1627 | D:3      | Noticed urutzu's ghost (amateur SpEn)
  1649 | D:3      | Killed urutzu's ghost
  1649 | D:3      | Reached skill level 5 in Axes
  1649 | D:3      | Reached XP level 4. HP: 38/42 MP: 4/4
  1755 | D:3      | Found a shimmering altar of Xom.
  1762 | D:3      | HP: 1/63 [acid (5)]
  1763 | D:3      | Reached XP level 5. HP: 2/49 MP: 5/5
  1981 | D:3      | Reached skill level 6 in Axes
  1983 | D:3      | Found a shadowy altar of Dithmenos.
  2040 | D:3      | Noticed a phantom
  2076 | D:3      | Killed a phantom
  2169 | D:3      | Noticed an ogre
  2180 | D:3      | Killed an ogre
  2180 | D:3      | Reached skill level 7 in Axes
  2180 | D:3      | Reached XP level 6. HP: 24/56 MP: 6/6
  2265 | D:3      | You fall through a shaft for 3 floors!
  2287 | D:6      | Noticed a troll
  2290 | D:6      | HP: 1/56 [troll (8)]
  2291 | D:6      | Slain by a troll

Skill      XL: |  1  2  3  4  5 |
---------------+----------------+-----
Fighting       | 3 |  3.6
Axes           | 4 5 7 |  7.2
Armour         | |  2.1
Dodging        | |  2.1

Action                   |  1- 3 |  4- 6 || total
-------------------------+-------+-------++-------
Melee: Hand axe          |   167 |    53 ||   220
Throw: Tomahawk          |       |     3 ||     3
Invok: Trog's Hand       |     1 |     5 ||     6
       Berserk           |     1 |     2 ||     3
  Eat: Chunk             |     3 |     3 ||     6
       Fruit             |       |     3 ||     3
Armor: Animal skin       |     6 |       ||     6
       Ring mail         |    35 |    18 ||    53
Dodge: Dodged            |    93 |    35 ||   128
